 Dungeon Crawl Stone Soup version 0.18-a0-844-g9229740 (webtiles) character file.

4431 4thArraOfDagon the Schismatic (level 10, -4/77 HPs)
             Began as a Demonspawn Abyssal Knight on Dec 18, 2015.
             Was an Elder of Lugonu.
             Slain by Erolcha
             ... wielding a +0 giant spiked club
              (17 damage)
             ... on level 9 of the Dungeon.
             The game lasted 00:20:11 (3811 turns).

4thArraOfDagon the Schismatic (DsAK)                Turns: 3811, Time: 00:20:11

Health: -4/77      AC: 17    Str: 18    XL:     10   Next: 14%
Magic:  23/27      EV: 10    Int: 14    God:    Lugonu [****..]
Gold:   409        SH:  0    Dex: 16    Spells: 0 memorised, 9 levels left

rFire  x . .     SeeInvis .     N - +0 war axe
rCold  + . .     Gourm    .     d - +0 scale mail
rNeg   . . .     Faith    .     (no shield)
rPois  +         Spirit   .     s - +1 helmet
rElec  .         Dismiss  .     h - +2 cloak
rCorr  .         Reflect  .     (no gloves)
SustAt .         Harm     .     M - +0 pair of boots
MR     .....                    (no amulet)
Stlth  +.........               i - ring of poison resistance
                                U - ring of Naoreurua {+Inv rF- MP+9 Str+6 Stlth+}

@: lethally poisoned (-4 -> -5), not resistant to hostile enchantments, very
unstealthy
A: hooves 2, yellow scales 2, cold resistance 1, spiny 2, freezing cloud
immunity
a: Depart the Abyss, Bend Space, Banish, Corrupt, Renounce Religion, Evoke
Invisibility


You were on level 9 of the Dungeon.
You worshipped Lugonu.
Lugonu was greatly pleased with you.
You were not hungry.

You visited 1 branch of the dungeon, and saw 9 of its levels.
You visited the Abyss 1 time.
You also visited: Bailey.

You collected 409 gold pieces.

Inventory:

Hand Weapons
 q - the +6 rapier of Honesty {pierce, +Fly Str-4 SInv}
   (You found it on level 6 of the Dungeon)

   It inflicts extra damage upon your enemies.
   It affects your strength (-4).
   It lets you see invisible.
   It lets you fly.
 u - a +0 blowgun
 N - a +0 war axe (weapon)
Missiles
 v - 26 poisoned needles
 O - 3 tomahawks of returning (quivered)
Armour
 d - a +0 scale mail (worn)
 h - a +2 cloak (worn)
 s - a +1 helmet (worn)
 M - a +0 pair of boots (worn)
Jewellery
 e - a +2 ring of intelligence
 i - a ring of poison resistance (right hand)
 m - an uncursed ring of protection from magic
 G - an uncursed ring of ice
 U - the ring of Naoreurua (left hand) {+Inv rF- MP+9 Str+6 Stlth+}
   (You found it in a bailey)

   [ring of magical power]

   It affects your strength (+6).
   It makes you vulnerable to fire.
   It affects your magic capacity (+9).
   It lets you turn invisible.
   It makes you more stealthy.
Wands
 j - a wand of enslavement (5)
 o - a wand of disintegration (0)
 J - a wand of teleportation (2)
 P - a wand of draining (7)
Scrolls
 r - 2 scrolls of enchant weapon {unknown}
 w - a scroll of enchant armour
 y - 2 scrolls of fear {unknown}
 A - 3 scrolls of remove curse
 C - a scroll of fog {unknown}
 D - 2 scrolls of amnesia
 Q - 2 scrolls of blinking
 S - a scroll of magic mapping
 T - 2 scrolls of acquirement {unknown}
Potions
 a - a potion of berserk rage {unknown}
 b - a potion of cancellation
 g - 3 potions of magic {unknown}
 l - 4 potions of curing
 n - a potion of haste
 x - 2 potions of heal wounds
 z - 2 potions of flight
 B - a potion of ambrosia {unknown}
 E - a potion of might
 F - a potion of brilliance
 H - a potion of mutation {unknown}
 I - a potion of agility {unknown}
 K - 2 potions of resistance {unknown}
Books
 p - a book of Air

   Spells                             Type                      Level
   a - Shock                          Conjuration/Air              1
   b - Swiftness                      Charms/Air                   2
   c - Repel Missiles                 Charms/Air                   2
   d - Static Discharge               Conjuration/Air              3
   e - Lightning Bolt                 Conjuration/Air              5
Comestibles
 c - 5 bread rations
 f - 3 beef jerkies
 k - a meat ration
 t - a royal jelly
 L - a slice of pizza
 R - 3 chunks of flesh


   Skills:
 + Level 6.6 Fighting
 * Level 8.0 Axes
 + Level 5.8 Armour
 - Level 0.8 Dodging
 * Level 11.4 Invocations


You had 9 spell levels left.
You didn't know any spells.

Dungeon Overview and Level Annotations

Branches:
Dungeon (9/15)             Temple (0/1) D:7
   Lair: D:8-11         Orc: D:9-12

Altars:
Cheibriados
Dithmenos
Elyvilon
Fedhas
Kikubaaqudgha
Nemelex Xobeh
Qazlal
Trog
Zin

Annotations:
D:2 1 exclusion
D:9 Erolcha


Innate Abilities, Weirdness & Mutations

You have hoof-like feet.
You are mostly covered in yellow scales (AC +3).
Your flesh is cold resistant.
You are mostly covered in sharp spines.
You are immune to freezing clouds.


Message History

Erolcha is moderately wounded.
Evoking this partially-identified wand wasted a few charges.
You feel sick.
Erolcha hits you with a giant spiked club!
Unknown command.
Unknown command.
Your scale mail prevents you from hitting Erolcha.
Erolcha is moderately wounded.
Erolcha is struck by your spines.
Erolcha hits you with a giant spiked club!
* * * LOW HITPOINT WARNING * * *
Unknown command.
Unknown command.
Unknown command.
Press: ? - help, Shift-Dir - straight line, f/p - Erolcha
Aim: Erolcha, wielding a giant spiked club and wearing a robe (moderately wounded, lightly drained, chance to defeat MR: 59%) Erolcha resists with significant effort.
You feel somewhat more hungry. Erolcha is struck by your spines.
Erolcha hits you with a giant spiked club!
You die...

##############
.....................
........#......##..##
........#......##..##
.......#......##....
.....#......##....
#+######...#......##....
.......#...#............
......O@................
.......#################
....... ##..... #.....
######


You could see Erolcha.

Vanquished Creatures
  Pikel (D:8)
  Prince Ribbit (D:5)
  A hippogriff (D:8)
  4 orc warriors
  2 ice beasts
  2 black bears (D:7)
  3 phantoms
  The ghost of conein the Cudgeler, an amateur NaGl (D:4)
  4 ogres
  3 centaurs
  2 giant frogs
  A wyvern zombie (D:8)
  2 scorpions (D:6)
  6 wights
  The ghost of 4thArraOfDagon the Unweaver, a weakling DsAK of Lugonu (D:3)
  4 crimson imps
  4 hounds
  A jelly (D:8)
  A centaur skeleton (D:8)
  2 giant frog skeletons
  3 orc wizards
  A hound skeleton (D:5)
  A mummy (D:5)
  12 adders
  3 gnolls (D:3)
  2 shadow imps (D:8)
  An adder skeleton (D:5)
  2 worms
  5 giant geckos
  15 orcs
  3 ball pythons
  3 bat skeletons (D:7)
  2 bat zombies (D:7)
  9 goblins
  10 hobgoblins
  5 jackals
  A quokka (D:2)
  4 bats
  5 giant cockroaches
  A giant newt (D:3)
  20 kobolds
  5 rats
159 creatures vanquished.

Vanquished Creatures (others)
  A basilisk (D:8)
  A slave (D:8)
  An orc warrior (D:8)
  An orc priest (D:8)
  A worker ant (D:8)
  An adder (D:5)
6 creatures vanquished.

Grand Total: 165 creatures vanquished

Notes
Turn   | Place    | Note
--------------------------------------------------------------
     0 | Abyss:1  | 4thArraOfDagon the Demonspawn Abyssal Knight began the quest for the Orb.
     0 | Abyss:1  | Reached XP level 1. HP: 18/18 MP: 2/2
    27 | Abyss:1  | Noticed a quasit
    91 | Abyss:1  | Noticed a wretched star
    96 | D:1      | Escaped the Abyss
   183 | D:2      | Found a blossoming altar of Fedhas.
   444 | D:3      | You fall through a shaft for 2 floors!
   444 | D:5      | Entered Level 5 of the Dungeon
   444 | D:5      | Found a stormy altar of Qazlal.
   448 | D:5      | Noticed a worker ant
   455 | D:4      | Noticed an ogre
   484 | D:5      | Gained mutation: You are partially covered in sharp spines. [demonic ancestry]
   484 | D:5      | Reached XP level 2. HP: 16/24 MP: 2/4
   504 | D:5      | Gained mutation: Your flesh is cold resistant. [demonic ancestry]
   504 | D:5      | Reached XP level 3. HP: 12/29 MP: 3/5
   627 | D:6      | Noticed a scorpion
   627 | D:6      | Reached skill level 4 in Invocations
   627 | D:6      | Gained mutation: You are immune to freezing clouds. [demonic ancestry]
   627 | D:6      | Reached XP level 4. HP: 27/35 MP: 5/7
   668 | D:6      | Got an ancient rapier
   730 | D:5      | Reached * piety under Lugonu
   781 | D:5      | Reached XP level 5. HP: 26/41 MP: 8/8
   788 | D:5      | Noticed a centaur
   801 | D:5      | Killed a centaur
   801 | D:5      | Reached skill level 5 in Invocations
   880 | D:5      | Found a snail-covered altar of Cheibriados.
   880 | D:5      | Noticed Prince Ribbit
   944 | D:5      | Noticed an ogre
   965 | D:5      | Killed Prince Ribbit
   965 | D:5      | Gained mutation: You are partially covered in yellow scales (AC +2). [demonic ancestry]
   965 | D:5      | Reached XP level 6. HP: 35/48 MP: 8/10
   984 | D:4      | Noticed conein's ghost (amateur NaGl)
  1079 | D:3      | Found a sparkling altar of Nemelex Xobeh.
  1108 | D:3      | Noticed 4thArraOfDagon's ghost (weakling DsAK)
  1118 | D:3      | Reached skill level 6 in Invocations
  1126 | D:3      | Killed 4thArraOfDagon's ghost
  1126 | D:3      | Gained mutation: You have large cloven feet. [demonic ancestry]
  1126 | D:3      | Reached XP level 7. HP: 45/54 MP: 11/11
  1249 | D:2      | Found a shadowy altar of Dithmenos.
  1254 | D:2      | Reached ** piety under Lugonu
  1781 | D:4      | Killed conein's ghost
  1781 | D:4      | Reached skill level 7 in Invocations
  1800 | D:4      | Reached *** piety under Lugonu
  2048 | D:6      | Found a bloodstained altar of Trog.
  2061 | D:6      | Identified the Grimoire of Scorching Conjuration
  2148 | D:7      | Reached skill level 5 in Axes
  2148 | D:7      | Gained mutation: You have hoof-like feet. [demonic ancestry]
  2148 | D:7      | Reached XP level 8. HP: 58/61 MP: 13/13
  2227 | D:7      | Found a staircase to the Ecumenical Temple.
  2272 | D:7      | Reached skill level 5 in Fighting
  2272 | D:7      | Reached skill level 8 in Invocations
  2328 | D:7      | Found a glowing silver altar of Zin.
  2436 | D:7      | Reached skill level 9 in Invocations
  2596 | D:7      | Found an ancient bone altar of Kikubaaqudgha.
  2658 | D:8      | Gained mutation: You are mostly covered in yellow scales (AC +3). [demonic ancestry]
  2658 | D:8      | Reached XP level 9. HP: 44/68 MP: 14/16
  2711 | D:8      | Reached **** piety under Lugonu
  2749 | D:8      | Found a flagged portal.
  2777 | Bailey   | Entered a bailey
  2806 | Bailey   | Noticed an orc warlord
  2962 | Bailey   | Found a runed gate.
  2964 | Bailey   | Found a runed gate.
  2966 | Bailey   | Found a runed gate.
  2986 | Bailey   | Reached skill level 10 in Invocations
  3150 | Bailey   | Banished an orc warlord
  3150 | Bailey   | Reached skill level 5 in Armour
  3172 | Bailey   | Got a scorched pewter ring
  3183 | Bailey   | Got a wavering wooden ring
  3187 | Bailey   | Identified the cursed ring "Umitaera" {Str+5 Int-3 Slay-2} (You found it in a bailey)
  3189 | Bailey   | Identified the ring of Naoreurua {+Inv rF- MP+9 Str+6 Stlth+} (You found it in a bailey)
  3190 | Bailey   | meh
  3216 | D:8      | Found a white marble altar of Elyvilon.
  3353 | D:8      | Identified the +6 rapier of Honesty {pierce, +Fly Str-4 SInv} (You found it on level 6 of the Dungeon)
  3415 | D:8      | Noticed Pikel
  3444 | D:8      | Killed Pikel
  3444 | D:8      | Reached skill level 11 in Invocations
  3558 | D:8      | Gained mutation: You are mostly covered in sharp spines. [demonic ancestry]
  3558 | D:8      | Reached XP level 10. HP: 59/77 MP: 18/18
  3801 | D:9      | Noticed Erolcha
  3811 | D:9      | Slain by Erolcha

Vault maps used:
D:1:      mrwooster_arrival_statue_3, grunt_decor_arrowhead
D:2:      nicolae_dithmenos_shadow_blocks, tgw_fedhas
D:3:      nemelex_xobeh_ov_fountains_minmay, portal_sewer_entry_f
D:4:      gammafunk_pakellas_cloud_experiment, makhleb_blood_cavern_becter
D:5:      slow_altar_2, grunt_qazlal_clouds, lemuel_blue_sif_altar,
          serial_shops, nicolae_shop_temple_entry_statues_fountains,
          first_bread, uniq_prince_ribbit1
D:6:      lightli_temple_of_fire
D:7:      kennysheep_vampire_church, zin_statuary,
          minmay_temple_entry_statues_fountains, grunt_livestock
D:8:      wad_arrow_thing, lemuel_round_altar, nicolae_overflow_hidden_temple,
          enter_bailey_2, serial_shops, nicolae_shop_window_shopping, uniq_pikel
D:9:      marbit_many_paths, zombieorc2_lemuel, nicolae_ashenzari_panopticon,
          uniq_psyche, uniq_erolcha
Abyss:1:  evilmike_abyss_exit_disperse
Bailey:   bailey_axe_bossmonster_kennysheep, bailey

Action                   |  1- 3 |  4- 6 |  7- 9 | 10-12 || total
-------------------------+-------+-------+-------+-------++-------
Melee: Hand axe          |    33 |    56 |    84 |       ||   173
       War axe           |       |       |   208 |    34 ||   242
Throw: Tomahawk          |       |       |    32 |       ||    32
Invok: Depart the Abyss  |     1 |       |       |       ||     1
       Banish            |       |       |     2 |     3 ||     5
Evoke: Wand              |       |     7 |     1 |     1 ||     9
  Use: Scroll            |     3 |     3 |    10 |       ||    16
       Potion            |     1 |       |     1 |     1 ||     3
 Stab: Sleeping          |       |       |       |     1 ||     1
  Eat: Chunk             |       |       |    11 |     1 ||    12
